 Dungeon Crawl Stone Soup version 0.28-a0-390-gb254ac4902 (webtiles) character file.

Game seed: 7941282361124034926

101 Sabo the Chopper (level 4, -12/34 HPs)
             Began as a Demonspawn Gladiator on Sept 3, 2021.
             Was a Believer of Nemelex Xobeh.
             Killed by divine providence
             ... invoked by an orc priest
              (15 damage)
             ... on level 4 of the Dungeon.
             The game lasted 00:11:23 (3024 turns).

Sabo the Chopper (Demonspawn Gladiator)             Turns: 3024, Time: 00:11:24

Health: -12/34     AC:  7    Str: 15    XL:     4   Next: 48%
Magic:  4/4        EV: 10    Int: 10    God:    Nemelex Xobeh [**....]
Gold:   123        SH:  4    Dex: 14    Spells: 3/3 levels left

rFire   . . .      SeeInvis .   a - +0 war axe
rCold   . . .      Faith    .   (no shield)
rNeg    . . .      Spirit   .   u - +0 scale mail
rPois   .          Reflect  .   c - +0 helmet
rElec   .          Harm     .   (no cloak)
rCorr   .          Rampage  .   (no gloves)
Will    .....                   (no boots)
Stlth   ..........              (no amulet)
HPRegen 0.11/turn               (no ring)
MPRegen 0.09/turn               (no ring)

@: no status effects
A: demonic guardian 1, condensation shield
a: Renounce Religion, Draw Escape, Draw Destruction, Draw Summoning


You were on level 4 of the Dungeon.
You worshipped Nemelex Xobeh.
Nemelex Xobeh was pleased with you.
You visited 1 branch of the dungeon, and saw 4 of its levels.

You collected 123 gold pieces.

Inventory:

Hand Weapons
 a - a +0 war axe (weapon)
Missiles
 d - 3 throwing nets (quivered)
 f - 7 boomerangs
 i - 32 poisoned darts
 n - 19 bolts
Armour
 c - a +0 helmet (worn)
 u - a +0 scale mail (worn)
Scrolls
 b - a scroll of amnesia {unknown}
 e - a scroll of fog
 p - a scroll of holy word {unknown}
 q - a scroll of enchant weapon {unknown}
 r - a scroll of summoning {unknown}
 s - a scroll of noise {unknown}
Potions
 g - a potion of haste {unknown}
 h - 3 potions of curing
 j - 2 potions of flight
 k - 2 potions of brilliance {unknown}
 l - 2 potions of heal wounds {unknown}
 m - a potion of invisibility {unknown}
 o - a potion of degeneration {unknown}
 t - a potion of lignification {unknown}


   Skills:
 + Level 2.7 Fighting
 + Level 3.7 Axes
 + Level 1.8 Throwing
 + Level 1.2 Armour
 + Level 3.1 Dodging
 + Level 0.2 Stealth
 + Level 0.2 Shields


You had 3 spell levels left.
You didn't know any spells.
Your spell library was empty.

Dungeon Overview and Level Annotations

Branches:
Dungeon (4/15)
 Temple: D:4-7

Altars:
Dithmenos
Nemelex Xobeh


Innate Abilities, Weirdness & Mutations

A weak demonic guardian rushes to your aid.
A meltable shield of frost defends you. (SH +4)


Message History

Something hits you but does no damage.
You bump into the rock wall.
The orc hits you but does no damage. Something hits you.
You bump into the rock wall.
The orc priest mumbles some strange prayers to Beogh against you.
The orc barely misses you. Something hits you.
The orc priest mumbles some strange prayers to Beogh against you.
Beogh smites you!
* * * LOW HITPOINT WARNING * * *
A demonic guardian appears!
You're too confused to move!
You feel less confused. The orc hits you with a +0 hand axe.
* * * LOW HITPOINT WARNING * * *
You slash the orc!
You kill the orc!
You closely miss the orc. The orc hits you with a +0 war axe.
* * * LOW HITPOINT WARNING * * *
The orc priest miscasts a cantrip.
You swap places.
Your ufetubus hits something. Your ufetubus misses something.
Your ufetubus closely misses something.
Your ufetubus hits something. Something hits your ufetubus.
Your ufetubus misses something. Your ufetubus hits something.
Something completely misses your ufetubus.
Your ufetubus hits something.
Reactivating autopickup.
You feel a bit more experienced.
Your ufetubus closely misses the orc.
Your ufetubus barely misses the orc.
Your Armour skill increases to level 1!
The orc closely misses your ufetubus.
Your ufetubus hits the orc. x2
Your ufetubus hits the orc.
The orc dies!
The orc priest hits your ufetubus with a +0 club.
Your ufetubus dies!
Your ufetubus disappears in a puff of smoke!
The orc priest looks encouraged for a moment.
The orc priest invokes the aid of Beogh against you.
Beogh smites you!
You die...
Your body disappears without a glow.

###### #######....
.........##########
..........)o@.....#
..........#######.#
.....##+#.#<# #.#
##### #.#.# #.#
....#.#.#####.#######
#...................
..>................##
##..#...#.######.....
#. #####.# .....


You could see an orc priest.

Vanquished Creatures
  An adder (D:3)
  2 worms
  2 dart slugs (D:1)
  2 orcs (D:4)
  2 endoplasms
  6 giant cockroaches
  8 goblins
  5 hobgoblins
  A quokka (D:3)
  5 ball pythons
  5 bats
  2 frilled lizards
  2 kobolds (D:2)
  7 rats
50 creatures vanquished.

Vanquished Creatures (collateral kills)
  An orc wizard (D:4)
  An orc (D:4)
2 creatures vanquished.

Vanquished Creatures (others)
  A plant (D:1)
1 creature vanquished.

Grand Total: 53 creatures vanquished

Notes
Turn   | Place    | Note
-------+----------+-------------------------------------------
     0 | D:1      | Sabo the Demonspawn Gladiator began the quest for the Orb.
     0 | D:1      | Reached XP level 1. HP: 16/16 MP: 1/1
    42 | D:1      | Found a faded altar of an unknown god.
    77 | D:1      | Became a worshipper of Nemelex Xobeh the Trickster
    77 | D:1      | Reached * piety under Nemelex Xobeh
    77 | D:1      | Received a gift from Nemelex Xobeh
   334 | D:1      | Gained mutation: A meltable shield of frost defends you.
                  | (SH +4) [demonic ancestry]
   334 | D:1      | Reached XP level 2. HP: 12/22 MP: 2/2
  1062 | D:1      | Gained mutation: A weak demonic guardian rushes to your
                  | aid. [demonic ancestry]
  1062 | D:1      | Reached XP level 3. HP: 24/28 MP: 3/3
  1619 | D:2      | Found a shadowy altar of Dithmenos.
  1911 | D:2      | Reached ** piety under Nemelex Xobeh
  2806 | D:3      | Reached XP level 4. HP: 31/34 MP: 4/4
  3019 | D:4      | Reached skill level 1 in Armour
  3024 | D:4      | Killed from afar by an orc priest

Illustrated notes

Levels and vault maps discovered:
D:1:      nzn_arrival_crosshair, layout_rooms, basic_ecumenical_altar,
          serial_bayou_crossing
D:2:      layout_loops_ring, basic_altar
D:3:      layout_loops_ring, serial_park_tiny_pond
D:4:      layout_basic, mainiacjoe_overflow_paths, mainiacjoe_overflow_alcove_1,
          uniq_natasha

Skill      XL: |  1  2  3  4 |
---------------+-------------+-----
Axes           | 3 |  3.7
Dodging        | 3 |  3.1
Armour         | 1 |  1.2
Fighting       | |  2.7
Throwing       | |  1.8
Stealth        | |  0.2
Shields        | |  0.2

Action                   |  1- 3 |  4- 6 || total
-------------------------+-------+-------++-------
Melee: War axe           |   115 |     6 ||   121
  Use: Scroll            |     3 |       ||     3
       Potion            |     1 |     1 ||     2
 Stab: Sleeping          |     1 |       ||     1
Armor: Leather armour    |    35 |       ||    35
       Scale mail        |     2 |     6 ||     8
Dodge: Dodged            |    58 |     3 ||    61
Block: Other             |    20 |     2 ||    22

Table legend: (Time is in decaauts)
 A = Elapsed time spent in this place.
 B = Non-inter-level travel time spent in this place.
 C = Inter-level travel time spent in this place.
 D = Time resting spent in this place.
 E = Time spent auto-exploring this place.
 F = Levels seen in this place.
 G = Mean time per level.
                   A        B        C        D        E       F      G
               +--------+--------+--------+--------+--------+-----+--------+
         Total |   3074 |   3074 |      0 |    693 |      0 |   4 |  768.5 |
       Dungeon |   3074 |   3074 |      0 |    693 |      0 |   4 |  768.5 |
               +--------+--------+--------+--------+--------+-----+--------+

Top non-repeatable levels by time:
     D:1: 1268 daAuts
     D:3: 892 daAuts
     D:2: 862 daAuts
     D:4: 51 daAuts
